 Dungeon Crawl Stone Soup version 0.30-a0-46-g5a63ccc183 (webtiles) character file.

Game seed: 10816627681280179993

42 MrFrogsmire the Trooper (level 3, -1/33 HPs)
             Began as a Draconian Berserker on Sept 2, 2022.
             Was a Follower of Trog.
             Slain by a gnoll
             ... wielding a +0 spear
              (3 damage)
             ... on level 3 of the Dungeon.
             The game lasted 00:05:07 (616 turns).

MrFrogsmire the Trooper (Draconian Berserker)        Turns: 616, Time: 00:05:07

Health: -1/33      AC:  5    Str: 19    XL:     3   Next: 35%
Magic:  3/3        EV: 10    Int:  7    God:    Trog [*.....]
Gold:   25         SH:  0    Dex: 12    Spells: 2/2 levels left

rFire   + . .      SeeInvis .    a - +0 mace
rCold   x . .      Faith    .    (no shield)
rNeg    . . .      Spirit   .    (body armour unavailable)
rPois   .          Reflect  .    (helmet restricted)
rElec   .          Harm     .    (no cloak)
rCorr   .          Rampage  .    (no gloves)
Will    .....                    (no boots)
Stlth   +.........               (no amulet)
HPRegen 0.11/turn                e - ring of fire
MPRegen 0.08/turn                (no ring)

@: constricted
A: AC +5, unfitting armour, cold-blooded
a: Renounce Religion, Berserk


You were on level 3 of the Dungeon.
You worshipped Trog.
Trog was aware of your devotion.
You visited 1 branch of the dungeon, and saw 3 of its levels.

You collected 25 gold pieces.

Inventory:

Hand Weapons
 a - a +0 mace (weapon)
Armour
 f - a +0 chain mail
Magical Staves
 h - a staff of conjuration
Jewellery
 e - a ring of fire (left hand)
Scrolls
 b - a scroll of blinking {unknown}
 c - 4 scrolls of identify {unknown}
 g - a scroll of magic mapping {unknown}
Potions
 i - a potion of heal wounds {unknown}


   Skills:
 + Level 3.9 Fighting
 + Level 3.2 Maces & Flails
 + Level 3.4 Dodging


You had 2 spell levels left.
You didn't know any spells.
Your spell library was empty.

Dungeon Overview and Level Annotations

Branches:
Dungeon (3/15)

Altars:


Innate Abilities, Weirdness & Mutations

Your plain brown scales are hard. (AC +5)
You cannot fit into any form of body armour.
You are cold-blooded and may be slowed by cold attacks.


Message History

The gnoll hits you with a +0 spear.
You sock the gnoll!
The gnoll is severely wounded.
The gnoll hits you with a +0 spear.
You hit the gnoll. Your punch misses the gnoll.
The gnoll is severely wounded.
The ball python bites you but does no damage.
The ball python misses you. The ball python barely misses you.
The ball python grabs you. The ball python constricts you.
You hit the gnoll but do no damage.
A gnoll comes into view. It is wielding a +0 spear.
The gnoll completely misses you. The gnoll hits you with a +0 club.
The ball python barely misses you. The ball python constricts you.
The gnoll barely misses you. The gnoll hits you with a +0 club.
You barely miss the gnoll. The ball python barely misses you.
The ball python constricts you. The gnoll hits you but does no damage.
The gnoll barely misses you.
You hit the gnoll.
The gnoll is moderately wounded.
The ball python barely misses you. The ball python constricts you.
The gnoll hits you with a +0 spear. The gnoll misses you.
The ball python barely misses you. The ball python constricts you.
You barely miss the gnoll.
The gnoll is moderately wounded.
The ball python bites you but does no damage.
The ball python constricts you. The gnoll misses you.
The gnoll hits you with a +0 spear! The gnoll hits you with a +0 club!
* * * LOW HITPOINT WARNING * * *
You hit the gnoll.
The gnoll is moderately wounded.
The ball python barely misses you. The ball python constricts you.
The gnoll hits you from afar with a +0 spear.
* * * LOW HITPOINT WARNING * * *
The gnoll hits you with a +0 spear.
* * * LOW HITPOINT WARNING * * *
The gnoll hits you with a +0 club.
* * * LOW HITPOINT WARNING * * *
The ball python bites you but does no damage.
The ball python constricts you. The gnoll hits you with a +0 spear.
You die...

####################...
#......).....>.@gg.....
#..............gS......
#......................
#..###################.
#..#.................#....##
#..#.................#..S..
#..#...###########...#....#
#..#...#.........'...#....#
#..#...#..######.#...#....#


You could see 3 gnolls and a ball python.

Vanquished Creatures
  Terence (D:2)
  3 bats (D:1)
  2 giant cockroaches (D:3)
  5 goblins (D:1)
  A kobold (D:1)
  A ball python (D:1)
  A frilled lizard (D:2)
  2 rats (D:1)
16 creatures vanquished.

Notes
Turn   | Place    | Note
-------+----------+-------------------------------------------
     0 | D:1      | MrFrogsmire the Draconian Berserker began the quest for the
                  | Orb.
     0 | D:1      | Reached XP level 1. HP: 19/19 MP: 1/1
   145 | D:1      | Reached XP level 2. HP: 23/26 MP: 2/2
   346 | D:2      | Noticed Terence
   357 | D:2      | Killed Terence
   358 | D:2      | Reached XP level 3. HP: 21/33 MP: 3/3
   616 | D:3      | Slain by a gnoll

Illustrated notes

Levels and vault maps discovered:
D:1:      dpeg_arrival_subterranean_lakeside_camping, layout_basic,
          serial_shops, shop_fountains, minmay_misc_feat_secret_circle,
          nrook_loot_triangle, minmay_hedge_maze, minmay_small_reverse_x
D:2:      layout_basic, dreamdust_ecumenical_altar_grove,
          minmay_shallow_snake_nest, uniq_terence
D:3:      layout_basic, grunt_temple_overflow_diamond, uniq_robin

Skill      XL: |  1  2 |
---------------+-------+-----
Dodging        | 3 |  3.4
Fighting       | |  3.9
Maces & Flails | |  3.2

Action                   || total
-------------------------++-------
Melee: Mace              ||    52
       Tailslap          ||     4
       Punch             ||     3
Throw: Stone             ||     8
Armor: Skin              ||    28
Dodge: Dodged            ||    63

Table legend: (Time is in decaauts)
 A = Elapsed time spent in this place.
 B = Non-inter-level travel time spent in this place.
 C = Inter-level travel time spent in this place.
 D = Time resting spent in this place.
 E = Time spent auto-exploring this place.
 F = Levels seen in this place.
 G = Mean time per level.
                   A        B        C        D        E       F      G
               +--------+--------+--------+--------+--------+-----+--------+
         Total |    630 |    167 |    463 |      0 |      0 |   3 |  210.0 |
       Dungeon |    630 |    167 |    463 |      0 |      0 |   3 |  210.0 |
               +--------+--------+--------+--------+--------+-----+--------+

Top non-repeatable levels by time:
     D:1: 356 daAuts
     D:3: 170 daAuts
     D:2: 103 daAuts
